 Dungeon Crawl Stone Soup version 0.14.0-15-g6b16f67 (webtiles) character file.

132979 Sabsy the Blocker (level 16, -13/115 HPs)
             Began as a Minotaur Chaos Knight on Apr 17, 2014.
             Was a Plaything of Xom.
             Killed by the raging water
             ... invoked by a water nymph
              (18 damage)
             ... on Level 5 of the Shoals on Apr 18, 2014.
             The game lasted 04:30:39 (31685 turns).

Sabsy the Blocker (Minotaur Chaos Knight)          Turns: 31685, Time: 04:30:42

HP -13/115       AC 41     Str 27      XL: 16   Next: 56%
MP  29/29        EV  8     Int 10      God: Xom
Gold 894         SH 34     Dex 14      Spells:  0 memorised, 15 levels left

rFire  + . .     SeeInvis .     a - +0 morningstar
rCold  + . .     Clarity  +     C - +3 plate armour {MR+}
rNeg   . . .     Conserve .     p - +0 shield
rPois  .         rCorr    .     (helmet restricted)
rElec  .         rRot     .     h - +2 cloak
SustAb . .       Spirit   .     j - +0 pair of gloves (curse)
rMut   .         Warding  .     B - +2 pair of boots of Melancholy {Acc+2}
Saprov . . .     Stasis   .     H - amulet "Xiqef" {Clar +Blink Str+1 Dex+2 Int+3, Faith}
MR     ++++.                    o - ring of flight
                                W - ring of sustenance

@: exhausted, flying, very slightly contaminated, hasted and slowed, incredibly
resistant to hostile enchantments, extremely unstealthy
A: retaliatory headbutt, horns 2, talons 1, rough black scales 2, thin metallic
scales 1, camouflage 1, agile 2, blurry vision 1, carnivore 1, cold resistance
1, dopey 1, fire resistance 1, high mp 1, magic resistance 2, mutation
resistance 2, shaggy fur 2, slow metabolism 1, spit poison 1, strong 1
a: Spit Poison, Renounce Religion, Evoke Blink, Stop Flying


You were on level 5 of the Shoals.
You worshipped Xom.
You were a special plaything of Xom.
You were very hungry.

You visited 5 branches of the dungeon, and saw 30 of its levels.
You also visited: Labyrinth and Volcano.

You collected 1705 gold pieces.
You spent 811 gold pieces at shops.

Inventory:

Hand weapons
 a - a +0,+0 morningstar (weapon)
 t - a +1,+0 demon whip of venom
Missiles
 G - 8 tomahawks of returning (quivered)
Armour
 h - a +2 cloak (worn)
 j - a cursed +0 pair of gloves (worn)
 p - a +0 shield (worn)
 B - the +2 pair of boots of Melancholy (worn) {Acc+2}
   (You found it on level 4 of the Dungeon)

   It affects your accuracy with ranged weapons and melee attacks (+2).
 C - a +3 plate armour of magic resistance (worn)
Magical devices
 e - a wand of cold (0)
 f - a wand of flame (4)
 g - a wand of draining (8)
 l - a wand of digging (7)
 q - a wand of heal wounds (0)
 s - a wand of paralysis (15)
 w - a wand of polymorph (5)
 x - a wand of hasting (6)
 E - a wand of disintegration (0)
Comestibles
 c - 10 bread rations
 z - 4 chunks of alligator snapping turtle flesh
Scrolls
 k - 2 scrolls of magic mapping
 m - a scroll of enchant weapon III
 n - 2 scrolls of enchant weapon II
 y - 3 scrolls of remove curse
 A - a scroll of immolation
 I - a scroll of identify
 O - a scroll of blinking
 X - a scroll of teleportation
Jewellery
 i - an uncursed ring of protection from cold
 o - a ring of flight (right hand)
 H - the amulet "Xiqef" (around neck) {Clar +Blink Str+1 Dex+2 Int+3, Faith}
   (You bought it in a shop on level 13 of the Dungeon)

   [amulet of clarity]

   It affects your strength (+1).
   It affects your intelligence (+3).
   It affects your dexterity (+2).
   It lets you blink.
 P - an uncursed ring of protection from fire
 W - a ring of sustenance (left hand)
Potions
 r - 3 potions of haste
 v - 3 potions of flight
 D - 8 potions of curing
 M - 3 potions of restore abilities
 S - a potion of resistance
Miscellaneous
 d - a box of beasts {used: 4}
 u - a fan of gales (inert)
 N - a legendary deck of dungeons {drawn: 1}
Rods
 b - a +4 rod of destruction (5/17)
   (You found it on level 9 of the Dungeon)


   Skills:
 - Level 3.6 Fighting
 + Level 14.5 Maces & Flails
 + Level 18.6 Armour
 - Level 2.8 Dodging
 + Level 20.9 Shields
 - Level 11.4 Evocations


You had 15 spell levels left.
You didn't know any spells.

Dungeon Overview and Level Annotations

Branches:
Dungeon (15/15)            Temple (1/1) D:7             Orc (0/4) D:12
   Lair (8/8) D:10         Shoals (5/5) Lair:5       Spider (0/5) Lair:5
  Slime (0/6) Lair:8       Vaults (0/5) D:14         Depths (1/5) D:15

Altars:
Ashenzari
Cheibriados
Dithmenos
Elyvilon
Fedhas
Kikubaaqudgha
Makhleb
Nemelex Xobeh
Okawaru
Sif Muna
Trog
Vehumet
Xom
Yredelemnul
Zin
The Shining One
Jiyva
Lugonu

Shops:
D:8 }   D:12 =   D:13 *%=*   D:15 =

Annotations:
D:14 exclusion: ice statue
Lair:3 Snorg


Innate Abilities, Weirdness & Mutations

You reflexively headbutt those who attack you in melee.
You have a pair of horns on your head.
You have sharp toenails.
You are mostly covered in rough black scales (AC +7, Dex -2).
You are partially covered in thin metallic scales (AC +2).
Your skin changes colour to match your surroundings (Stlth).
You are very agile. (Dex +4)
Your vision is a little blurry.
Your digestive system is specialised to digest meat.
Your flesh is cold resistant.
You are dopey. (Int -2)
Your flesh is heat resistant.
You have an increased reservoir of magic (+10% MP).
You are highly resistant to hostile enchantments.
You are somewhat resistant to both further mutation and mutation removal.
You are covered in thick fur (AC +2).
You have a slow metabolism.
You can spit poison.
Your muscles are strong. (Str +2)


Message History

You hear a splash.
The water nymph gestures at you while chanting.
The water rises up and strikes you!
You die... "Leave my plaything alone!"
Xom revives you!
The mermaid chants a haunting song.
You are unaffected.
You see here an arrow.
Drink which item? (? for menu, Esc to quit)
Okay, then.
Read which item? (? for menu, Esc to quit)
As you read the scroll of fear, it crumbles to dust.
You assume a fearsome visage.
The centaur looks frightened!
The mermaid resists.
The water nymph resists with almost no effort.
The water nymph casts a spell at you. The water rises up and strikes you!
You die...
Xom giggles madly!

≈≈≈≈≈≈ ≈≈≈≈≈≈≈≈≈≈≈≈
≈≈≈≈≈≈≈≈≈≈≈≈≈≈
≈≈≈≈≈≈≈≈≈≈≈≈≈≈≈≈
≈≈≈≈≈≈≈≈≈≈≈≈≈≈≈≈≈≈
≈≈≈≈≈≈≈≈≈≈≈≈≈≈≈≈≈≈
≈≈≈≈≈≈≈≈≈≈≈≈≈≈≈≈≈≈
≈≈≈≈≈≈≈≈≈≈≈≈≈≈≈≈≈≈≈≈
≈≈≈≈≈≈≈≈@(≈(.≈m≈≈≈≈≈
..≈≈≈≈≈≈≈≈.(.≈≈≈≈≈≈≈
.≈≈≈≈≈≈≈.....≈≈≈≈≈≈
.######........≈≈≈
.≈#c......≈≈≈
...#.#......≈≈≈
≈..#.#m.....≈ #≈.
.#...... ..#...?.


You could see a water nymph, a mermaid and a centaur (fleeing).

Vanquished Creatures
  5 dire elephants (Lair:8)
  The ghost of teukkam the Unseen, a powerful SpEn of Dithmenos (Shoals:4)
  A minotaur (Lab)
  4 merfolk javelineers
  A vault guard (D:14)
  2 merfolk impalers (Shoals:3)
  7 hydras
  Fannar (Lair:2)
  A siren (Shoals:3)
  2 ice dragons (D:15)
  A merfolk aquamancer (Shoals:5)
  Erica (Lair:8)
  2 satyrs (Shoals:4)
  2 death yaks
  An alligator snapping turtle (Shoals:4)
  2 tengu warriors
  5 centaur warriors
  Nergalle (D:15)
  2 unseen horrors
  4 skeletal warriors (D:14)
  2 water nymphs
  A salamander mystic (Volcano)
  3 hill giants
  Erolcha (D:8)
  3 sea snakes
  5 griffons
  8 fauns
  A deep elf conjurer (D:14)
  6 harpies
  8 spiny frogs
  A griffon (shapeshifter) (Shoals:2)
  2 shining eyes
  5 cyclopes
  6 salamanders (Volcano)
  2 manticores
  7 mermaids
  6 elephants
  A mermaid (shapeshifter) (Shoals:4)
  A sixfirhy (D:12)
  An item mimic (Lair:2)
  An efreet (D:14)
  3 gargoyles
  4 black mambas
  3 centaur skeletons
  A freezing wraith (D:15)
  A hydra zombie (D:15)
  An iron devil (D:11)
  3 komodo dragons
  3 fire drakes
  2 tengu conjurers
  4 wind drakes
  A harpy zombie (Shoals:4)
  13 merfolk
  A two-headed ogre (D:15)
  A giant leech (shapeshifter) (Shoals:3)
  2 snapping turtles
  7 ravens
  2 trolls (D:15)
  11 blink frogs
  A grizzly bear (Lair:4)
  3 slime creatures (D:15)
  A fire dragon zombie (D:15)
  A shadow (D:12)
  6 water elementals
  5 basilisks
  2 wyverns
  9 sharks
  A vampire (D:14)
  A spriggan (D:11)
  An elephant slug (Lair:4)
  A yak (shapeshifter) (D:15)
  41 yaks
  6 deep elf magi
  2 wraiths
  2 vampire mosquitoes (D:14)
  A deep elf fighter (D:14)
  A steam dragon (D:11)
  5 hippogriffs
  16 ugly things
  2 hungry ghosts
  A mottled dragon (D:14)
  A necrophage (D:13)
  A spatial vortex (D:10)
  2 sky beasts
  7 porcupines
  6 water moccasins
  8 ice beasts
  8 spiders (Lair:5)
  2 black bears
  3 orc warriors
  4 ogres
  7 giant goldfish
  A manticore zombie (D:15)
  3 yellow wasps
  18 centaurs
  18 crocodiles
  A phantom (D:4)
  Sigmund (D:7)
  5 big kobolds
  Duvessa (D:7)
  9 giant slugs
  A cyclops zombie (D:11)
  8 giant frogs
  A wyvern skeleton (D:11)
  A wyvern zombie (D:12)
  2 scorpions
  9 killer bees
  2 eyes of draining
  A troll zombie (D:10)
  2 electric eels
  5 jellies
  5 wights (D:15)
  5 quasits
  An elf zombie (D:13)
  Dowan (D:7)
  2 centaur zombies
  7 crimson imps
  5 big fish
  10 orc priests
  A basilisk zombie (D:15)
  A black bear zombie (D:8)
  Crazy Yiuf (D:3)
  6 hounds
  5 iguanas
  2 iron imps
  An orange rat (D:7)
  11 orc wizards
  9 worker ants
  A killer bee zombie (D:9)
  2 mottled dragon zombies
  9 sheep
  Terence (D:3)
  A hound skeleton (D:11)
  21 adders
  41 green rats
  An inept feature mimic (D:3)
  6 giant mites
  3 orc skeletons
  7 shadow imps
  2 worms
  2 white imps
  3 ufetubi
  12 giant geckos
  52 orcs
  A ball python (D:8)
  A bat zombie (Shoals:4)
  5 goblins
  18 hobgoblins
  32 jackals
  38 kobolds
  8 quokkas
  29 bats
  5 giant cockroaches
  7 giant newts
  A giant spore (D:11)
  A hobgoblin zombie (D:7)
  2 kobold skeletons
  A kobold zombie (D:3)
  44 rats
  A spectral orc (D:15)
  5 ballistomycetes
  A bush (Lair:8)
  2 fungi
  9 plants
875 creatures vanquished.

Vanquished Creatures (collateral kills)
  Polyphemus (Shoals:2)
  An anaconda (Lair:8)
  Nessos (D:13)
  A merfolk aquamancer (Shoals:2)
  2 death yaks (Shoals:2)
  A catoblepas (Shoals:2)
  Pikel (D:8)
  2 harpies (Shoals:3)
  A griffon (Shoals:3)
  A faun (Shoals:4)
  2 elephants (Lair:8)
  2 mermaids
  A spiny frog (Lair:1)
  A gargoyle (D:10)
  2 merfolk
  2 blink frogs (Lair:1)
  A snapping turtle (Shoals:2)
  A water elemental (Shoals:2)
  Eustachio (D:8)
  2 yaks (D:10)
  2 orc warriors
  A porcupine (Lair:1)
  A sky beast (D:13)
  4 slaves (D:8)
  A chimera (Shoals:3)
  5 centaurs (D:8)
  2 giant frogs (D:10)
  4 killer bees (D:10)
  A crimson imp (D:10)
  An orc wizard (D:10)
  2 killer bee zombies (D:10)
  3 green rats
  3 orcs
  A hobgoblin (D:8)
  2 kobolds (D:7)
  A bat (D:10)
  A rat (D:8)
  A tentacle (Shoals:3)
63 creatures vanquished.

Vanquished Creatures (others)
  Josephine (D:11)
  A sun demon (Shoals:3)
  A dancing weapon (Shoals:4)
  An unseen horror (D:15)
  2 manticores (Shoals:2)
  5 air elementals
  A kobold demonologist (D:12)
  A hellwing (D:12)
  A blue devil (D:12)
  A trapdoor spider (Shoals:2)
  A raven (D:15)
  A basilisk (Lair:3)
  A shark (Shoals:2)
  A hill giant skeleton (D:11)
  2 chimeras
  A water moccasin (Lair:3)
  A human skeleton (D:11)
  A sky beast (D:11)
  A deep elf fighter (D:14)
  3 crimson imps
  A hound (Lair:6)
  3 quasits
  A centaur zombie (D:11)
  3 iron imps
  6 white imps
  4 shadow imps
  An ufetubus (D:8)
  A jackal (Lair:3)
  A bat (D:10)
  2 giant spores
  A rat (Lair:1)
  A ballistomycete (D:10)
  10 fungi
  A plant (Shoals:4)
  17 tentacles
  330 tentacle segments
411 creatures vanquished.

Grand Total: 1349 creatures vanquished

Notes
Turn   | Place    | Note
--------------------------------------------------------------
     0 | D:1      | Sabsy, the Minotaur Chaos Knight, began the quest for the Orb.
     0 | D:1      | Reached XP level 1. HP: 19/19 MP: 1/1
    45 | D:1      | XOM: divination: magic mapping
   136 | D:1      | Reached XP level 2. HP: 26/26 MP: 1/1
   648 | D:1      | XOM is BORED!
   648 | D:1      | XOM: silly message
   756 | D:2      | Reached XP level 3. HP: 28/31 MP: 2/2
   920 | D:2      | Reached skill level 4 in Maces & Flails
  1257 | D:3      | Reached XP level 4. HP: 36/39 MP: 2/2
  1315 | D:3      | Noticed Terence
  1324 | D:3      | Killed Terence
  1394 | D:3      | Noticed Crazy Yiuf
  1401 | D:3      | Killed Crazy Yiuf
  1401 | D:3      | Reached skill level 1 in Shields
  1611 | D:3      | Found a shadowy altar of Dithmenos.
  1611 | D:3      | Found a bloodstained altar of Trog.
  1612 | D:3      | Found a blossoming altar of Fedhas.
  1791 | D:3      | Reached XP level 5. HP: 45/45 MP: 2/2
  1795 | D:3      | Noticed a human
  1797 | D:3      | Found a basalt altar of Yredelemnul.
  1810 | D:3      | Reached skill level 5 in Maces & Flails
  1817 | D:3      | Noticed an ogre
  1826 | D:3      | XOM: stat loss: -1 Str (22/23)
  1831 | D:3      | XOM: confusion (+ monsters)
  1839 | D:3      | XOM: medium Conj miscast
  1852 | D:3      | Killed an ogre
  2094 | D:4      | Got a twisted leather armour
  2107 | D:4      | Identified the cursed -1 leather armour "Jaam" {rC+ Str+1} (You found it on level 4 of the Dungeon)
  2188 | D:4      | Reached XP level 6. HP: 39/51 MP: 3/3
  2343 | D:4      | Reached skill level 5 in Armour
  2343 | D:4      | XOM: cast spell 'Confusing Touch'
  2368 | D:4      | XOM: 2-stop teleportation journey
  2469 | D:4      | XOM: god gift: bread ration
  2517 | D:4      | XOM: confuse monster(s)
  2583 | D:4      | Got a pair of dazzling boots
  2586 | D:4      | Identified the +2 pair of boots of Melancholy {Acc+2} (You found it on level 4 of the Dungeon)
  2708 | D:5      | Entered Level 5 of the Dungeon
  2803 | D:5      | Reached skill level 6 in Maces & Flails
  2803 | D:5      | Reached XP level 7. HP: 54/57 MP: 3/3
  3685 | D:6      | Reached skill level 5 in Shields
  3715 | D:6      | Reached skill level 7 in Maces & Flails
  3720 | D:6      | XOM: give mutations
  3720 | D:6      | Gained mutation: Your muscles are strong. (Str +2) [Xom's grace]
  3720 | D:6      | Gained mutation: You are partially covered in thin metallic scales (AC +2). [Xom's grace]
  3720 | D:6      | Gained mutation: You can translocate small distances at will. [Xom's grace]
  3834 | D:6      | Reached XP level 8. HP: 58/64 MP: 3/3
  3987 | D:6      | XOM: polymorph hound -> electric eel
  4432 | D:7      | XOM: enchant monster (good)
  4445 | D:7      | Noticed Dowan
  4451 | D:7      | Killed Dowan
  4451 | D:7      | Reached skill level 8 in Maces & Flails
  4456 | D:7      | Noticed Duvessa
  4461 | D:7      | XOM: summons 2 friendly demons
  4492 | D:7      | Killed Duvessa
  4701 | D:7      | XOM: medium Ice miscast
  4745 | D:7      | Found a staircase to the Ecumenical Temple.
  4774 | D:7      | XOM: potion effect (berserk rage)
  4930 | D:7      | Noticed Sigmund
  4937 | D:7      | Killed Sigmund
  4954 | D:7      | Reached XP level 9. HP: 68/70 MP: 4/4
  5073 | D:7      | Found a deep blue altar of Sif Muna.
  5079 | D:7      | Found a shimmering altar of Xom.
  5080 | D:7      | Found a radiant altar of Vehumet.
  5081 | D:7      | Found an ancient bone altar of Kikubaaqudgha.
  5083 | D:7      | Found a sparkling altar of Nemelex Xobeh.
  5084 | D:7      | Found a burning altar of Makhleb.
  5085 | D:7      | Found a white marble altar of Elyvilon.
  5104 | Temple   | Entered the Ecumenical Temple
  5198 | D:8      | XOM: summons friendly quasit
  5205 | D:8      | Got a twisted scale mail
  5223 | D:8      | Identified the cursed +0 scale mail of Xiuda {Str+2 Dex+5} (You found it on level 8 of the Dungeon)
  5243 | D:8      | Noticed Erolcha
  5249 | D:8      | XOM: summons 3 friendly demons
  5267 | D:8      | Killed Erolcha
  5267 | D:8      | Reached skill level 9 in Maces & Flails
  5343 | D:8      | XOM: polymorph iguana -> giant mite
  5372 | D:8      | Found Seilic's Gadget Shoppe.
  5422 | D:8      | Bought a wand of disintegration (7) for 154 gold pieces
  5542 | D:8      | XOM: swap monsters
  5638 | D:8      | XOM: enchant monster (good)
  5645 | D:8      | Noticed Pikel
  5646 | D:8      | XOM: colour smoke trail
  5657 | D:8      | Killed Pikel
  5657 | D:8      | Reached skill level 10 in Maces & Flails
  5737 | D:8      | Reached skill level 10 in Armour
  5810 | D:8      | Noticed Eustachio
  5814 | D:8      | Killed Eustachio
  5879 | D:8      | XOM: god gift: scroll labeled TET ASMEATER
  5936 | D:8      | XOM: god gift: oily blue potion
  5947 | D:8      | XOM: harmless Necr miscast
  5957 | D:8      | XOM: god gift: bow {god gift}
  6068 | D:8      | Reached XP level 10. HP: 77/77 MP: 4/4
  6219 | D:9      | Noticed a cyclops
  6293 | D:9      | Identified a -2 rod of destruction (14/14) (You found it on level 9 of the Dungeon)
  6337 | D:9      | XOM: scenery: 2 doors open
  6415 | D:9      | XOM: 4-stop teleportation journey
  6417 | D:9      | XOM: swap monsters
  6423 | D:9      | XOM: divination: magic mapping
  6425 | D:9      | XOM: noise
  6434 | D:9      | XOM: summons friendly iron imp
  6436 | D:9      | Killed a cyclops
  6436 | D:9      | Reached skill level 10 in Shields
  6597 | D:9      | XOM: summons 3 friendly demons
  6600 | D:9      | XOM: summons friendly crimson imp
  6602 | D:9      | XOM: harmless Divn miscast
  6614 | D:9      | XOM: potion effect (berserk rage)
  6625 | D:9      | Reached skill level 11 in Maces & Flails
  6630 | D:9      | XOM: mild Trmt miscast
  6690 | D:9      | XOM: harmless Chrm miscast
  6983 | D:8      | XOM: harmless Trmt miscast
  7374 | D:6      | XOM: silly message
  7571 | D:6      | XOM: harmless Conj miscast
  7714 | D:6      | XOM: harmless Fire miscast
  7898 | D:9      | XOM: medium Fire miscast
  7925 | D:10     | Entered Level 10 of the Dungeon
  7946 | D:10     | XOM: silly message
  8286 | D:10     | XOM: enchant monster (bad)
  8288 | D:10     | Paralysed by a potion of paralysis for 2 turns
  8419 | D:10     | Found a staircase to the Lair.
  8668 | D:10     | XOM: give mutation
  8668 | D:10     | Lost mutation: Your muscles are strong. (Str +2) [Xom's mischief]
  8706 | D:10     | XOM: chaos upgrade
  8744 | D:10     | XOM: mild Tloc miscast
  8809 | D:10     | XOM: silly message
  8883 | Lair:1   | Entered Level 1 of the Lair of Beasts
  8908 | Lair:1   | XOM: summons 5 hostile shadow creatures
  8910 | Lair:1   | XOM: blink monster(s)
  8952 | Lair:1   | XOM: divination: detect items
  9067 | Lair:1   | XOM: divination: detect creatures
  9161 | Lair:1   | XOM: silly message
  9212 | Lair:1   | XOM: enchant monster (good)
  9232 | Lair:1   | XOM: blink monster(s)
  9234 | Lair:1   | XOM: summons 2 friendly demons
  9240 | Lair:1   | XOM: summons friendly crimson imp
  9242 | Lair:1   | XOM: divination: detect creatures
  9252 | Lair:1   | XOM: cast spell 'Shadow Creatures'
  9265 | Lair:1   | XOM: divination: magic mapping
  9277 | Lair:1   | XOM: confuse monster(s)
  9315 | Lair:1   | Reached XP level 11. HP: 21/82 MP: 4/4
  9340 | Lair:1   | XOM: harmless Hex miscast
  9345 | Lair:1   | XOM: enchant monster (good)
  9346 | Lair:1   | XOM: cast spell 'Spider Form'
  9700 | Lair:1   | XOM: divination: detect items
  9725 | Lair:1   | XOM: confuse monster(s)
 10017 | D:10     | Noticed a hill giant
 10017 | D:10     | XOM: enchant monster (good)
 10022 | D:10     | Reached skill level 12 in Maces & Flails
 10025 | D:10     | XOM: summons 2 friendly demons
 10041 | D:10     | Killed a hill giant
 10232 | D:10     | XOM: silly message
 10354 | Lair:1   | XOM: polymorph blink frog -> polar bear
 10397 | Lair:1   | XOM: noise
 10414 | Lair:1   | XOM: divination: magic mapping
 10426 | Lair:1   | XOM: confusion
 10522 | D:10     | XOM: blink monster(s)
 10715 | D:11     | XOM: silly message
 10773 | Lair:1   | XOM: enchant monster (good)
 10774 | Lair:1   | XOM: summons 2 friendly demons
 10781 | Lair:1   | XOM: enchant monster (good)
 10801 | Lair:1   | XOM: noise
 11023 | Lair:1   | XOM: polymorph polar bear -> mermaid
 11131 | Lair:1   | XOM: vitrification
 11225 | Lair:1   | XOM: give mutations
 11225 | Lair:1   | Gained mutation: You are frail (-10% HP). [Xom's mischief]
 11225 | Lair:1   | Gained mutation: You are clumsy. (Dex -2) [Xom's mischief]
 11300 | Lair:1   | XOM: draining
 11416 | Lair:2   | Noticed an eight-headed hydra
 11440 | Lair:2   | Killed an eight-headed hydra
 11653 | Lair:2   | Noticed a catoblepas
 11653 | Lair:2   | Noticed a death yak
 11653 | Lair:2   | a catoblepas changed into a death yak
 11653 | Lair:2   | XOM: polymorph catoblepas -> death yak
 11661 | Lair:2   | XOM: divination: magic mapping
 11677 | Lair:2   | XOM: potion effect (heal wounds)
 11691 | Lair:2   | Killed a death yak
 11819 | Lair:2   | Reached skill level 13 in Maces & Flails
 11875 | Lair:2   | XOM: potion effect (agility)
 11881 | Lair:2   | Noticed Fannar
 11916 | Lair:2   | Killed Fannar
 12029 | Lair:2   | XOM: vitrification
 12124 | Lair:2   | Gained mutation: You are covered in fur (AC +1). [potion of beneficial mutation]
 12139 | Lair:2   | XOM: scenery: create altars
 12414 | Lair:2   | XOM: confuse monster(s)
 12509 | Lair:2   | XOM: divination: detect creatures
 12658 | Lair:2   | XOM: enchant monster (good)
 12697 | Lair:2   | XOM: cast spell 'Dragon Form'
 12754 | Lair:3   | XOM: snakes to sticks
 12837 | Lair:3   | XOM: god gift: 9 grapes
 12845 | Lair:3   | XOM: polymorph worm -> eye of draining
 12917 | Lair:3   | Noticed a six-headed hydra
 12917 | Lair:3   | XOM: potion effect (berserk rage)
 12918 | Lair:3   | XOM: swap monsters
 12924 | Lair:3   | Killed a six-headed hydra
 13208 | Lair:3   | XOM: enchant monster (bad)
 13218 | Lair:3   | XOM: draining
 13225 | Lair:3   | Noticed a hill giant
 13225 | Lair:3   | an elephant changed into a hill giant
 13225 | Lair:3   | XOM: polymorph elephant -> hill giant
 13228 | Lair:3   | XOM: summons 3 hostile shadow creatures
 13250 | Lair:3   | XOM: severe Hex miscast
 13253 | Lair:3   | XOM: harmless Hex miscast
 13261 | Lair:3   | XOM: harmless Divn miscast
 13271 | Lair:3   | XOM: inner flame monster(s)
 13284 | Lair:3   | XOM: polymorph elephant -> snapping turtle
 13300 | Lair:3   | XOM: blink monster(s)
 13302 | Lair:3   | Noticed a shambling mangrove
 13302 | Lair:3   | a plant changed into a shambling mangrove
 13302 | Lair:3   | XOM: polymorph plant -> shambling mangrove
 13317 | Lair:3   | Noticed Snorg
 13322 | Lair:3   | XOM: 3-stop teleportation journey
 13326 | Lair:3   | XOM: confusion
 13332 | Lair:3   | Noticed a thorn hunter
 13332 | Lair:3   | a shambling mangrove changed into a thorn hunter
 13332 | Lair:3   | XOM: polymorph shambling mangrove -> thorn hunter
 13334 | Lair:2   | Gained mutation: Your digestive system is specialised to digest meat. [mutagenic glow]
 13615 | D:11     | Killed an unseen horror
 13615 | D:11     | Reached XP level 12. HP: 39/81 MP: 5/5
 13813 | D:11     | XOM: enchant monster (good)
 13873 | D:11     | XOM: potion effect (haste)
 13917 | D:11     | XOM: medium Trmt miscast
 13920 | D:11     | Noticed Josephine
 13926 | D:11     | XOM: noise
 13937 | D:11     | Killed Josephine
 13959 | D:11     | XOM: silly message
 13990 | D:11     | Gained mutation: You have an increased reservoir of magic (+10% MP). [mutagenic meat]
 13991 | D:11     | Gained mutation: Your vision is a little blurry. [mutagenic meat]
 13992 | D:11     | Lost mutation: You are clumsy. (Dex -2) [mutagenic meat]
 14131 | D:11     | Lost mutation: Your vision is a little blurry. [mutagenic meat]
 14132 | D:11     | Gained mutation: You have sharp toenails. [mutagenic meat]
 14142 | D:11     | XOM: harmless Summ miscast
 14151 | D:11     | XOM: confuse monster(s)
 14159 | D:11     | XOM: polymorph red ugly thing -> spriggan
 14170 | D:11     | XOM: swap monsters
 14195 | D:11     | XOM: noise
 14234 | D:11     | Lost mutation: You are frail (-10% HP). [mutagenic meat]
 14343 | D:11     | XOM: give mutations
 14343 | D:11     | Lost mutation: You can translocate small distances at will. [Xom's mischief]
 14343 | D:11     | Gained mutation: You are dopey. (Int -2) [Xom's mischief]
 14343 | D:11     | Lost mutation: You have an increased reservoir of magic (+10% MP). [Xom's mischief]
 14343 | D:11     | Gained mutation: Your body is slowly deteriorating. [Xom's mischief]
 14356 | D:11     | XOM: mild Summ miscast
 14380 | D:11     | Reached skill level 14 in Maces & Flails
 14395 | D:11     | XOM: mild Chrm miscast
 14488 | D:11     | XOM: colour smoke trail
 14510 | D:11     | XOM: summons 5 hostile demons
 14602 | D:11     | XOM: swap monsters
 14679 | D:11     | XOM: cast spell 'Statue Form'
 14704 | D:12     | Found a blossoming altar of Fedhas.
 14777 | D:12     | XOM: divine lightning
 14781 | D:12     | XOM: give mutations
 14781 | D:12     | Gained mutation: Your flesh is heat resistant. [Xom's grace]
 14781 | D:12     | Gained mutation: You are agile. (Dex +2) [Xom's grace]
 14781 | D:12     | Gained mutation: You can spit poison. [Xom's grace]
 14841 | D:12     | XOM: 1-stop teleportation journey
 14882 | D:12     | XOM: cast spell 'Dispersal'
 14944 | D:12     | XOM: enchant monster (good)
 14994 | D:12     | XOM: summons friendly white imp
 15016 | D:12     | Reached skill level 1 in Evocations
 15052 | D:12     | XOM: give mutations
 15052 | D:12     | Gained mutation: You have a slow metabolism. [Xom's grace]
 15052 | D:12     | Gained mutation: You are partially covered in rough black scales (AC +4, Dex -1). [Xom's grace]
 15111 | D:12     | Found a labyrinth entrance.
 15124 | Lab      | Entered a labyrinth
 15164 | Lab      | XOM: 8-stop teleportation journey
 15240 | Lab      | Noticed a minotaur
 15254 | Lab      | Killed a minotaur
 15256 | Lab      | Got a glittering lapis lazuli ring
 15266 | Lab      | Got a bloodstained war axe
 15273 | Lab      | Identified the cursed -1,-2 war axe of Kismet {venom, rElec rF+ MR+} (You found it in a labyrinth)
 15337 | D:12     | Found Throxzyul's Jewellery Boutique.
 15340 | D:12     | XOM: 2-stop teleportation journey
 15507 | D:12     | XOM: inner flame monster(s)
 15657 | D:12     | Found a staircase to the Orcish Mines.
 15737 | D:12     | XOM: god gift: 22 stones
 15771 | D:12     | XOM: 4-stop teleportation journey
 15823 | D:12     | XOM: summons 4 hostile demons
 15864 | D:12     | Identified the ring "Futorrig" {Dex+4 Acc-4 Dam-3} (You found it in a labyrinth)
 15883 | D:13     | Found Smaafir's Jewellery Boutique.
 15920 | D:13     | Bought the amulet "Xiqef" {Clar +Blink Str+1 Dex+2 Int+3} for 605 gold pieces
 16007 | D:13     | Found Hoafebb's Assorted Antiques.
 16021 | D:13     | Bought a potion of curing for 52 gold pieces
 16187 | D:13     | Found Qiyc's Food Boutique.
 16188 | D:13     | XOM: cast spell 'Cause Fear'
 16378 | D:13     | XOM: swap monsters
 16379 | D:13     | XOM: 5-stop teleportation journey
 16517 | D:13     | Found Zofrusiu's Assorted Antiques.
 16558 | D:13     | XOM: summons 4 friendly demons
 16571 | D:13     | Noticed Nessos
 16578 | D:13     | XOM: summons friendly quasit
 16588 | D:13     | XOM: cast spell 'Summon Swarm'
 16590 | D:13     | XOM: summons 2 friendly demons
 16608 | D:13     | Killed Nessos
 16771 | D:13     | XOM: scenery: create altars
 16810 | D:12     | XOM: give mutations
 16810 | D:12     | Gained mutation: Your muscles are strong. (Str +2) [Xom's grace]
 16810 | D:12     | Lost mutation: You are dopey. (Int -2) [Xom's grace]
 16810 | D:12     | Gained mutation: You are resistant to hostile enchantments. [Xom's grace]
 16958 | Lair:4   | Noticed a five-headed hydra
 16974 | Lair:4   | Killed a five-headed hydra
 16974 | Lair:4   | Reached XP level 13. HP: 78/95 MP: 13/14
 17195 | Lair:4   | XOM: god gift: legendary deck of cards {god gift}
 17378 | Lair:4   | XOM: god gift: 18 bolts of frost
 17398 | Lair:4   | XOM: divine lightning (protected)
 17414 | Lair:4   | Reached skill level 5 in Evocations
 17419 | Lair:4   | XOM: enchant monster (good)
 17420 | Lair:4   | XOM: divination: detect items
 17428 | Lair:4   | Reached skill level 15 in Armour
 17498 | Lair:4   | XOM: god gift: square zirconium amulet {god gift}
 17737 | Lair:4   | XOM: vitrification
 17962 | Lair:5   | XOM: potion effect (brilliance)
 18043 | Lair:5   | Found a hole to the Spider Nest.
 18076 | Lair:5   | Found a staircase to the Shoals.
 18102 | Lair:5   | XOM: inner flame monster(s)
 18282 | Lair:5   | XOM: divination: magic mapping
 18433 | Lair:5   | XOM: god gift: twisted jewelled staff {god gift}
 18575 | Lair:6   | XOM: 2-stop teleportation journey
 19119 | Lair:6   | XOM: give mutation
 19119 | Lair:6   | Gained mutation: You are covered in thick fur (AC +2). [Xom's grace]
 19159 | Lair:6   | XOM: summons 6 hostile demons
 19286 | Lair:6   | XOM: vitrification
 19379 | Lair:7   | XOM: 4-stop teleportation journey
 19405 | Lair:7   | Lost mutation: You have sharp toenails. [potion of mutation]
 19492 | Lair:7   | Reached skill level 15 in Shields
 19508 | Lair:7   | XOM: mild Fire miscast
 19904 | Lair:7   | Got a heavily runed ring mail
 19940 | Lair:7   | XOM: snakes to sticks
 19984 | Lair:7   | Identified the +4 ring mail "Elevi" {Str+3 Dex+4} (You found it on level 7 of the Lair of Beasts)
 20189 | Lair:7   | XOM: enchant monster (good)
 20245 | Lair:7   | XOM: cast spell 'Flight'
 20365 | Lair:7   | XOM: medium Chrm miscast
 20825 | Lair:8   | Entered Level 8 of the Lair of Beasts
 20837 | Lair:8   | XOM: noise
 20878 | Lair:7   | XOM: potion effect (brilliance)
 20958 | Lair:8   | XOM: harmless Ice miscast
 21013 | Lair:8   | Found a dark tunnel.
 21028 | Volcano  | Entered a volcano
 21250 | Volcano  | XOM: confuse monster(s)
 21270 | Volcano  | Reached skill level 16 in Armour
 21320 | Volcano  | XOM: harmless Summ miscast
 21322 | Volcano  | XOM: summons friendly white imp
 21327 | Volcano  | XOM: blink monster(s)
 21348 | Volcano  | XOM: harmless Hex miscast
 21693 | Lair:8   | XOM: 2-stop teleportation journey
 21694 | Lair:8   | Noticed Erica
 21707 | Lair:8   | Killed Erica
 21710 | Lair:8   | XOM: stat loss: -1 Str (23/25)
 21774 | Lair:8   | XOM: 4-stop teleportation journey
 21804 | Lair:8   | XOM: mild Ice miscast
 21813 | Lair:8   | XOM: silly message
 21817 | Lair:8   | XOM: enchant monster (bad)
 22160 | Lair:8   | Found a viscous altar of Jiyva.
 22161 | Lair:8   | Found a staircase to the Slime Pits.
 22257 | Lair:8   | Reached XP level 14. HP: 102/102 MP: 21/21
 22360 | Lair:8   | XOM: vitrification
 22651 | Lair:8   | XOM: god gift: encrusted ivory wand {god gift}
 22733 | Lair:8   | XOM: god gift: 10 darts of frost
 22881 | Lair:8   | XOM: cast spell 'Monstrous Menagerie'
 23083 | Lair:8   | XOM: summons 4 friendly demons
 23158 | Lair:8   | XOM: potion effect (experience)
 23158 | Lair:8   | Reached skill level 18 in Shields
 23158 | Lair:8   | Reached XP level 15. HP: 37/107 MP: 22/22
 23296 | Lair:8   | XOM: potion effect (invisibility)
 23300 | Lair:8   | XOM: confuse monster(s)
 23344 | Lair:8   | XOM: potion effect (agility)
 23435 | Lair:8   | XOM: harmless Ice miscast
 23488 | Lair:8   | XOM: cast spell 'Summon Butterflies'
 23915 | Lair:2   | XOM: silly message
 24169 | Lair:2   | Upgraded the game from 0.14.0-12-g87ee3b7 to 0.14.0-15-g6b16f67
 24443 | D:14     | XOM: scenery: 1 doors open
 24460 | D:14     | Noticed a five-headed hydra
 24467 | D:14     | XOM: enchant monster (good)
 24477 | D:14     | Killed a five-headed hydra
 24511 | D:14     | XOM: enchant monster (good)
 24517 | D:14     | Reached skill level 19 in Shields
 24709 | D:14     | XOM: 1-stop teleportation journey
 24730 | D:14     | XOM: summons 2 friendly demons
 24741 | D:14     | XOM: cast spell 'Olgreb's Toxic Radiance'
 24751 | D:14     | XOM: potion effect (might)
 24761 | D:14     | XOM: potion effect (brilliance)
 24878 | D:14     | XOM: 2-stop teleportation journey
 24923 | D:14     | XOM: god gift: 21 gold pieces
 24941 | D:14     | Noticed a vault guard
 24978 | D:14     | XOM: divination: detect creatures
 24988 | D:14     | Killed a vault guard
 24990 | D:14     | Found a gate to the Vaults.
 25126 | D:14     | Identified a +1 rod of destruction (13/13) (You found it on level 14 of the Dungeon)
 25140 | D:14     | XOM: colour smoke trail
 25212 | D:14     | XOM: give mutations
 25212 | D:14     | Lost mutation: Your body is slowly deteriorating. [Xom's mischief]
 25212 | D:14     | Lost mutation: Your digestive system is specialised to digest meat. [Xom's mischief]
 25354 | D:14     | XOM: harmless Fire miscast
 25572 | D:14     | XOM: god gift: jewelled lead wand {god gift}
 25575 | D:14     | XOM: god gift: scroll of enchant armour
 25799 | D:14     | XOM: harmless Tloc miscast
 25811 | D:14     | XOM: harmless Ice miscast
 25827 | D:14     | XOM: colour smoke trail
 25959 | D:14     | XOM: noise
 26240 | D:15     | Entered Level 15 of the Dungeon
 26273 | D:15     | Found Shriju's Jewellery Boutique.
 26397 | D:15     | Identified a scroll of acquirement
 26687 | D:15     | XOM: enchant monster (good)
 26703 | D:15     | Reached skill level 10 in Evocations
 26712 | D:15     | XOM: divination: detect creatures
 26732 | D:15     | XOM: harmless Hex miscast
 26802 | D:15     | XOM: divination: detect creatures
 26912 | D:15     | XOM: polymorph something unseen -> shining eye
 26917 | D:15     | Gained mutation: Your vision is a little blurry. [a shining eye]
 27023 | D:15     | XOM: summons 3 friendly demons
 27032 | D:15     | Reached skill level 20 in Shields
 27467 | D:15     | XOM: medium Divn miscast
 27521 | D:15     | XOM: harmless Necr miscast
 27534 | D:15     | Noticed Nergalle
 27567 | D:15     | Killed Nergalle
 27571 | D:15     | Found a staircase to the Depths.
 27603 | Depths:1 | Entered Level 1 of the Depths
 27688 | D:15     | XOM: harmless Necr miscast
 27698 | D:15     | XOM: silly message
 28115 | Lair:1   | XOM: god gift: box of beasts
 28166 | Lair:5   | XOM: give mutations
 28166 | Lair:5   | Gained mutation: Your skin changes colour to match your surroundings (Stlth). [Xom's grace]
 28166 | Lair:5   | Gained mutation: You have an increased reservoir of magic (+10% MP). [Xom's grace]
 28166 | Lair:5   | Gained mutation: You have sharp toenails. [Xom's grace]
 28166 | Lair:5   | Gained mutation: You are highly resistant to hostile enchantments. [Xom's grace]
 28323 | Lair:5   | XOM: cast spell 'Statue Form'
 28353 | Shoals:1 | Entered Level 1 of the Shoals
 28423 | Shoals:1 | XOM: blink monster(s)
 28446 | Shoals:1 | XOM: noise
 28468 | Shoals:1 | XOM: swap weapons
 28480 | Shoals:1 | XOM: blink monster(s)
 28484 | Shoals:1 | XOM: harmless Tloc miscast
 28680 | Shoals:2 | XOM: divine lightning
 28977 | Shoals:2 | XOM: harmless Chrm miscast
 29017 | Shoals:2 | XOM: potion effect (brilliance)
 29020 | Shoals:2 | XOM: confuse monster(s)
 29021 | Shoals:2 | XOM: polymorph death yak -> siren
 29021 | Shoals:2 | Reached XP level 16. HP: 115/115 MP: 28/28
 29022 | Shoals:2 | Noticed Polyphemus
 29026 | Shoals:2 | XOM: inner flame monster(s)
 29047 | Shoals:2 | XOM: summons 4 friendly demons
 29050 | Shoals:2 | Killed Polyphemus
 29263 | Shoals:3 | XOM: enchant monster (good)
 29311 | Shoals:3 | XOM: vitrification
 29325 | Shoals:3 | XOM: potion effect (invisibility)
 29334 | Shoals:3 | XOM: give mutation
 29334 | Shoals:3 | Lost mutation: Your muscles are strong. (Str +2) [Xom's mischief]
 29348 | Shoals:3 | XOM: give mutations
 29348 | Shoals:3 | Gained mutation: You are very agile. (Dex +4) [Xom's grace]
 29348 | Shoals:3 | Gained mutation: Your flesh is cold resistant. [Xom's grace]
 29348 | Shoals:3 | Gained mutation: You are mostly covered in rough black scales (AC +7, Dex -2). [Xom's grace]
 29348 | Shoals:3 | Gained mutation: Your digestive system is specialised to digest meat. [Xom's grace]
 29377 | Shoals:2 | XOM: enchant monster (good)
 29494 | Shoals:2 | XOM: give mutations
 29494 | Shoals:2 | Gained mutation: Your muscles are strong. (Str +2) [Xom's grace]
 29494 | Shoals:2 | Gained mutation: You are somewhat resistant to further mutation. [Xom's grace]
 29494 | Shoals:2 | Gained mutation: You are somewhat resistant to both further mutation and mutation removal. [Xom's grace]
 29505 | Shoals:2 | XOM: god gift: lead wand {god gift}
 29631 | Shoals:2 | XOM: polymorph merfolk -> sea snake
 29824 | Shoals:3 | XOM: medium Chrm miscast
 29842 | Shoals:3 | XOM: noise
 29847 | Shoals:3 | XOM: blink monster(s)
 29848 | Shoals:3 | XOM: cast spell 'Discord'
 30178 | Shoals:3 | XOM: stat loss: -1 Str (26/27)
 30259 | Shoals:3 | XOM: polymorph merfolk impaler -> giant leech
 30297 | Shoals:3 | XOM: summons 4 hostile shadow creatures
 30383 | Shoals:3 | XOM: divination: detect items
 30582 | Shoals:3 | XOM: summons 2 friendly demons
 30676 | Shoals:4 | XOM: potion effect (brilliance)
 30729 | Shoals:4 | XOM: polymorph sea snake -> boulder beetle
 30748 | Shoals:4 | XOM: polymorph boulder beetle -> mermaid
 30785 | Shoals:4 | Got a pitted blowgun
 30791 | Shoals:4 | Identified the +0 blowgun "Pamomn" {speed, Contam +Inv} (You found it on level 4 of the Shoals)
 30810 | Shoals:4 | Gained mutation: You are dopey. (Int -2) [mutagenic glow]
 30889 | Shoals:4 | Noticed teukkam's ghost (powerful SpEn)
 30914 | Shoals:4 | XOM: confuse monster(s)
 31049 | Shoals:4 | Killed teukkam's ghost
 31417 | Shoals:4 | XOM: inner flame monster(s)
 31482 | Shoals:5 | Entered Level 5 of the Shoals
 31482 | Shoals:5 | XOM: enchant monster (good)
 31521 | Shoals:5 | XOM: enchant monster (bad)
 31622 | Shoals:5 | XOM: enchant monster (bad)
 31684 | Shoals:5 | Xom revived you
 31685 | Shoals:5 | Killed from afar by a water nymph

Action                   |  1- 3 |  4- 6 |  7- 9 | 10-12 | 13-15 | 16-18 || total
-------------------------+-------+-------+-------+-------+-------+-------++-------
Melee: Mace              |   106 |    11 |       |       |       |       ||   117
       Flail             |       |   157 |   380 |       |       |       ||   537
       Whip              |       |       |     7 |  1203 |    99 |       ||  1309
       Unarmed           |       |       |       |   729 |       |       ||   729
       Rod               |       |       |       |     1 |       |       ||     1
       Morningstar       |       |       |       |       |  1659 |   598 ||  2257
       Trident           |       |       |       |       |    24 |       ||    24
       Demon whip        |       |       |       |       |    11 |       ||    11
Throw: Tomahawk          |       |       |     1 |     1 |       |     1 ||     3
 Abil: Spit Poison       |       |       |       |     2 |     3 |       ||     5
       Evoke Flight      |       |       |       |       |     1 |     3 ||     4
       Evoke Blink       |       |       |       |       |     1 |       ||     1
Evoke: Wand              |       |       |     9 |    47 |    12 |    13 ||    81
       Rod               |       |       |       |    30 |     7 |    30 ||    67
       Deck              |       |       |       |       |     1 |       ||     1
       Box of beasts     |       |       |       |       |     1 |     5 ||     6
       Fan of gales      |       |       |       |       |       |     3 ||     3
  Use: Potion            |     4 |     2 |     1 |    16 |    15 |     2 ||    40
       Scroll            |     2 |     4 |    10 |    23 |    13 |     3 ||    55
 Stab: Distracted        |       |       |     1 |     1 |     4 |     3 ||     9
       Paralysed         |       |       |     1 |     7 |       |       ||     8
       Confused          |       |       |       |     4 |     3 |       ||     7
       Petrified         |       |       |       |     1 |       |     3 ||     4
       Invisible         |       |       |       |       |     8 |     2 ||    10
